 Dungeon Crawl Stone Soup version 0.16.2-12-gd0ad4c3 (webtiles) character file.

2059 faibistes the Thaumaturge (level 9, -2/52 HPs)
             Began as a Deep Elf Wizard on July 17, 2018.
             Was an Initiate of Sif Muna.
             Slain by a red ugly thing (4 damage)
             ... on level 7 of the Dungeon.
             The game lasted 00:21:35 (7293 turns).

faibistes the Thaumaturge (Deep Elf Wizard)         Turns: 7293, Time: 00:21:38

Health: -2/52      AC:  8    Str:  4    XL:     9   Next: 5%
Magic:  29/39      EV: 15    Int: 29    God:    Sif Muna [......]
Gold:   311        SH:  0    Dex: 13    Spells: 7 memorised, 14 levels left

rFire  . . .     SeeInvis .     H - +1 short sword (venom)
rCold  . . .     Clarity  .     G - +2 robe {MR+}
rNeg   . . .     SustAb   .     (no shield)
rPois  .         Gourm    .     b - +0 hat
rElec  .         Spirit   .     I - +1 cloak
rCorr  .         Warding  .     (no gloves)
rMut   .         Stasis   .     w - +1 pair of boots
MR     +....                    (no amulet)
Stlth  ++........               (no ring)
                                s - ring of magical power

@: very slightly contaminated, somewhat resistant to hostile enchantments,
unstealthy
A: clever 1
a: Renounce Religion


You were on level 7 of the Dungeon.
You worshipped Sif Muna.
Sif Muna was noncommittal.
You were not hungry.

You visited 1 branch of the dungeon, and saw 8 of its levels.

You collected 311 gold pieces.

Inventory:

Hand weapons
 o - a +0 dagger
 t - a +2 hand axe of freezing
 H - a +1 short sword of venom (weapon)
Armour
 b - a +0 hat (worn)
 w - a +1 pair of boots (worn)
 y - a +0 robe of positive energy
 G - a +2 robe of magic resistance (worn)
 I - a +1 cloak (worn)
Jewellery
 s - a ring of magical power (left hand)
 B - an uncursed ring of ice
Magical devices
 K - a wand of confusion (32)
Scrolls
 h - 2 scrolls of magic mapping
 j - a scroll of teleportation
 m - 4 scrolls of remove curse
 q - a scroll of fear
 A - 3 scrolls of blinking
 D - a scroll of enchant armour
Potions
 a - a potion of ambrosia
 f - a potion of haste
 g - a potion of curing
 i - 2 potions of magic
 n - 2 potions of brilliance
 p - a potion of agility {unknown}
 u - 2 potions of cancellation
 v - 3 potions of restore abilities
 E - a potion of cure mutation {unknown}
Books
 c - a book of Minor Magic

   Spells                             Type                      Level
   a - Magic Dart                     Conjuration                  1
   b - Blink                          Translocation                2
   c - Call Imp                       Summoning                    2
   d - Repel Missiles                 Charms/Air                   2
   e - Slow                           Hexes                        2
   f - Conjure Flame                  Conjuration/Fire             3
   g - Mephitic Cloud                 Conjuration/Poison/Air       3
 J - a book of Cantrips

   Spells                             Type                      Level
   a - Corona                         Hexes                        1
   b - Animate Skeleton               Necromancy                   1
   c - Summon Small Mammal            Summoning                    1
   d - Apportation                    Translocation                1
Comestibles
 d - 5 bread rations
 l - 4 meat rations
 r - 6 chunks of flesh
 C - 2 beef jerkies


   Skills:
 - Level 3.8 Fighting
 + Level 6.6 Dodging
 - Level 2.4 Stealth
 * Level 10.4 Spellcasting
 * Level 4.5 Conjurations
 * Level 2.4 Summonings
 - Level 2.5 Translocations
 * Level 2.0 Fire Magic
 * Level 1.4 Air Magic
 + Level 1.3 Poison Magic


You had 14 spell levels left.
You knew the following spells:

 Your Spells              Type           Power        Failure   Level  Hunger
a - Magic Dart            Conj           ####         1%          1    None
b - Conjure Flame         Conj/Fire      ####....     3%          3    None
c - Call Imp              Summ           ####....     1%          2    None
d - Blink                 Tloc           N/A          1%          2    None
e - Mephitic Cloud        Conj/Pois/Air  ####....     4%          3    None
f - Repel Missiles        Chrm/Air       ###...       4%          2    None
g - Animate Skeleton      Necr           N/A          3%          1    None


Dungeon Overview and Level Annotations

Branches:
Dungeon (8/15)             Temple (0/1) D:7
   Lair: D:8-11

Altars:
Ashenzari
Dithmenos
Fedhas
Kikubaaqudgha
Okawaru
Sif Muna


Innate Abilities, Weirdness & Mutations

Your mind is acute. (Int +2)


Message History

Casting: Mephitic Cloud
Confirm with . or Enter, or press ? or * to list all spells.
Aiming: Mephitic Cloud
Press: ? - help, Shift-Dir - straight line, f/p - red ugly thing
Aim: a red ugly thing (lightly wounded)
You miscast Mephitic Cloud.
You are very lightly contaminated with residual magic.
Sparks of electricity dance between your hands.
Your jackal skeleton bites the red ugly thing but does no damage.
Unknown command.
The red ugly thing gores you!
You are engulfed in flames!
* * * LOW HITPOINT WARNING * * *
Drink which item? (? for menu, Esc to quit)
It was a potion of beneficial mutation.
You feel clever.
You feel fantastic!
Your jackal skeleton misses the red ugly thing.
Your jackal skeleton bites the red ugly thing.
The red ugly thing gores you.
You die...

#.......>.)....#.
#..............#
#.....).†......#
#..........§####
#..........Z#
#.........§.##+###
#..........ZZ....#
#8>8........u....#
#...........@....#
...(............#
......).........#
###########.....#
#.....+ #.....#
#.....# ######


You could see a red ugly thing, a friendly rat skeleton and 2 friendly jackal
skeletons.

Vanquished Creatures
  Pikel (D:5)
  A slave (D:5)
  An ice beast (D:6)
  A phantom (D:4)
  Duvessa (D:5)
  4 giant frogs
  A scorpion (D:4)
  4 wights
  Dowan (D:5)
  A goliath beetle (D:6)
  2 orc priests
  A giant frog skeleton (D:5)
  A giant frog zombie (D:5)
  A jelly (D:6)
  2 crimson imps
  Crazy Yiuf (D:5)
  3 hounds
  2 orc wizards
  3 worker ants
  3 iguanas
  A hound skeleton (D:4)
  A worker ant zombie (D:6)
  14 adders
  5 gnolls (D:4)
  A shadow imp (D:7)
  A giant mite (D:5)
  5 worms
  An adder skeleton (D:6)
  2 giant geckos
  27 orcs
  11 bats
  A bat skeleton (D:4)
  8 hobgoblins
  4 jackals (D:7)
  3 kobolds
  4 ball pythons
  4 giant cockroaches
  5 giant newts
  8 goblins
  6 rats
  2 ballistomycetes (D:5)
149 creatures vanquished.

Vanquished Creatures (collateral kills)
  A centaur (D:7)
  Ijyb (D:2)
2 creatures vanquished.

Vanquished Creatures (others)
  A white imp (D:2)
  A giant spore (D:5)
  A jackal skeleton (D:7)
3 creatures vanquished.

Grand Total: 154 creatures vanquished

Notes
Turn   | Place    | Note
--------------------------------------------------------------
     0 | D:1      | faibistes, the Deep Elf Wizard, began the quest for the Orb.
     0 | D:1      | Reached XP level 1. HP: 10/10 MP: 6/6
   656 | D:1      | Reached XP level 2. HP: 15/15 MP: 7/10
   660 | D:1      | Learned a level 2 spell: Blink
   663 | D:1      | Learned a level 2 spell: Call Imp
   904 | D:2      | Reached skill level 5 in Spellcasting
   964 | D:2      | Noticed Ijyb
   973 | D:2      | Killed Ijyb
   973 | D:2      | Reached XP level 3. HP: 19/19 MP: 7/14
   978 | D:2      | Learned a level 3 spell: Conjure Flame
   982 | D:2      | Learned a level 3 spell: Mephitic Cloud
  1481 | D:2      | Reached XP level 4. HP: 24/24 MP: 4/17
  1498 | D:2      | Learned a level 2 spell: Repel Missiles
  2099 | D:3      | Found an iron altar of Okawaru.
  2232 | D:3      | Reached skill level 6 in Spellcasting
  2351 | D:3      | Reached XP level 5. HP: 28/28 MP: 13/20
  2453 | D:5      | Entered Level 5 of the Dungeon
  3221 | D:4      | Reached XP level 6. HP: 8/32 MP: 19/22
  3569 | D:4      | Reached skill level 7 in Spellcasting
  3686 | D:4      | Noticed a phantom
  3699 | D:4      | Killed a phantom
  3757 | D:4      | Found a blossoming altar of Fedhas.
  4279 | D:4      | Reached skill level 1 in Fighting
  4282 | D:4      | Reached XP level 7. HP: 36/38 MP: 25/25
  4352 | D:4      | Found an ancient bone altar of Kikubaaqudgha.
  4352 | D:4      | Found a shattered altar of Ashenzari.
  4353 | D:4      | Found a shadowy altar of Dithmenos.
  4782 | D:5      | Reached skill level 5 in Dodging
  5144 | D:5      | Reached skill level 8 in Spellcasting
  5606 | D:5      | Noticed Duvessa
  5615 | D:5      | Noticed Dowan
  5616 | D:5      | Killed Duvessa
  5616 | D:5      | Reached skill level 9 in Spellcasting
  5625 | D:5      | Killed Dowan
  5625 | D:5      | Reached XP level 8. HP: 42/45 MP: 19/28
  5797 | D:5      | Noticed a slave
  5817 | D:5      | Noticed a slave
  5841 | D:5      | Noticed Pikel
  5841 | D:5      | Noticed a slave
  5841 | D:5      | Noticed a slave
  5860 | D:5      | Killed a slave
  5866 | D:5      | Killed Pikel
  5930 | D:5      | Noticed Crazy Yiuf
  5938 | D:5      | Killed Crazy Yiuf
  6049 | D:5      | Reached skill level 10 in Spellcasting
  6053 | D:5      | Found a deep blue altar of Sif Muna.
  6071 | D:5      | Became a worshipper of Sif Muna the Loreminder
  6621 | D:6      | Reached skill level 1 in Fire Magic
  6661 | D:6      | Learned a level 1 spell: Animate Skeleton
  6957 | D:6      | Reached skill level 1 in Air Magic
  7113 | D:6      | Reached skill level 1 in Poison Magic
  7274 | D:7      | Noticed a red ugly thing
  7275 | D:7      | Found a staircase to the Ecumenical Temple.
  7279 | D:7      | Reached XP level 9. HP: 32/52 MP: 30/30
  7292 | D:7      | HP: 2/52 [red ugly thing (17)]
  7293 | D:7      | Gained mutation: Your mind is acute. (Int +2) [potion of beneficial mutation]
  7293 | D:7      | Slain by a red ugly thing

Action                   |  1- 3 |  4- 6 |  7- 9 || total
-------------------------+-------+-------+-------++-------
Melee: Dagger            |     3 |     2 |       ||     5
       Hand axe          |       |    23 |    57 ||    80
       Short sword       |       |       |    52 ||    52
 Cast: Magic Dart        |    39 |   141 |   184 ||   364
       Call Imp          |     4 |       |       ||     4
       Mephitic Cloud    |     4 |    11 |    13 ||    28
       Conjure Flame     |     2 |     5 |    21 ||    28
       Repel Missiles    |       |     1 |     1 ||     2
       Blink             |       |     2 |     8 ||    10
       Animate Skeleton  |       |       |     4 ||     4
Evoke: Wand              |       |       |     2 ||     2
  Use: Scroll            |       |     5 |    11 ||    16
       Potion            |       |       |     1 ||     1
 Stab: Confused          |       |     4 |       ||     4
       Sleeping          |       |       |     1 ||     1
  Eat: Chunk             |     2 |     8 |    10 ||    20
